 Dungeon Crawl Stone Soup version 0.17.0-9-g801d43b (webtiles) character file.

196102 Ijustatesigmund the Executioner (level 18, -2/174 HPs)
             Began as a Minotaur Berserker on Nov 9, 2015.
             Was the Champion of Trog.
             Slain by an eldritch tentacle (34 damage)
             ... called by a lich
             ... on level 2 of the Depths.
             The game lasted 02:03:41 (34288 turns).

Ijustatesigmund the Executioner (MiBe)             Turns: 34288, Time: 02:03:43

Health: -2/174     AC: 30    Str: 23    XL:     18   Next: 14%
Magic:  23/23      EV: 21    Int:  4    God:    Trog [******]
Gold:   1554       SH:  0    Dex: 17    Spells: 0 memorised, 17 levels left

rFire  . . .     SeeInvis +     A - +2 executioner's axe (venom)
rCold  . . .     Clarity  .     R - +1 chain mail {rN+}
rNeg   + . .     SustAt   .     (shield currently unavailable)
rPois  +         Gourm    .     y - +0 mask of the Dragon {MR+ Slay+3 SInv}
rElec  .         Spirit   .     m - +1 cloak {rPois}
rCorr  +         Warding  .     W - +1 pair of gloves
rMut   .         Stasis   .     Z - +2 pair of boots
MR     ++++.                    l - amulet of resist corrosion
Stlth  ..........               Q - +6 ring of protection
                                s - +6 ring of evasion

@: lethally poisoned (-2 -> -2), exhausted, regenerating, slowed, very slow,
incredibly resistant to hostile enchantments, extremely unstealthy
A: retaliatory headbutt, horns 2
a: Berserk, Trog's Hand, Brothers in Arms, Burn Spellbooks, Renounce Religion


You were on level 2 of the Depths.
You worshipped Trog.
Trog was exalted by your worship.
You were not hungry.

You visited 4 branches of the dungeon, and saw 29 of its levels.
You also visited: Labyrinth, Ossuary and Bailey.

You collected 3358 gold pieces.
You spent 1804 gold pieces at shops.

Inventory:

Hand Weapons
 p - the +9 dire flail "Keb Bufu" {venom, +Inv rPois Int+3 Stlth-}
   (Trog gifted it to you on level 5 of the Lair of Beasts)

   It poisons the flesh of those it strikes.
   It affects your intelligence (+3).
   It protects you from poison.
   It lets you turn invisible.
   It makes you less stealthy.
 A - a +2 executioner's axe of venom (weapon)
 U - the +8 battleaxe of Anxiety {antimagic, +Rage rC+ Dex+2}
   (Trog gifted it to you on level 8 of the Lair of Beasts)

   It disrupts the flow of magical energy around spellcasters and certain
   magical creatures (including the wielder).
   It affects your dexterity (+2).
   It protects you from cold.
   It lets you go berserk.
Missiles
 D - 7 javelins of penetration
 Y - 2 poisoned javelins (quivered)
Armour
 m - a +1 cloak of poison resistance (worn)
 q - a +0 shield
 y - the +0 mask of the Dragon (worn) {MR+ Slay+3 SInv}
   (You bought it in a shop on level 1 of the Orcish Mines)

   It affects your accuracy and damage with ranged weapons and melee attacks
   (+3).
   It affects your resistance to hostile enchantments.
   It lets you see invisible.
 R - a +1 chain mail of positive energy (worn)
 W - a +1 pair of gloves (worn)
 Z - a +2 pair of boots (worn)
Jewellery
 l - an amulet of resist corrosion (around neck)
 s - a +6 ring of evasion (left hand)
 G - an uncursed amulet of regeneration
 K - a +4 ring of evasion
 M - a cursed -3 ring of dexterity
 Q - a +6 ring of protection (right hand)
Wands
 f - a wand of heal wounds (0)
 r - a wand of heal wounds (7)
 u - a wand of fireball (5)
 x - a wand of cold (7)
 B - a wand of cold (2)
 F - a wand of lightning (3)
 H - a wand of digging (8)
 I - a wand of lightning (5)
 J - a wand of fire (7)
 N - a wand of cold (10)
 O - a wand of digging (6)
 S - a wand of draining (5)
Scrolls
 g - 13 scrolls of remove curse
 j - a scroll of summoning
 t - 5 scrolls of identify
 w - 4 scrolls of recharging
 z - a scroll of enchant armour
 E - 2 scrolls of fog
 T - a scroll of torment
 V - a scroll of enchant weapon
 X - 2 scrolls of fear
Potions
 b - 2 potions of cancellation
 e - 6 potions of heal wounds
 h - 4 potions of agility
 k - a potion of resistance
 n - 11 potions of brilliance
 o - a potion of flight
 v - 14 potions of curing
 C - 4 potions of might
 L - 2 potions of invisibility
Miscellaneous
 P - a phantom mirror
Comestibles
 a - 3 fruits
 c - 15 bread rations
 d - 11 meat rations


   Skills:
 + Level 18.9 Fighting
 + Level 21.7 Axes
 - Level 5.0 Throwing
 + Level 17.0 Armour
 + Level 10.9 Dodging
 - Level 8.2 Evocations


You had 17 spell levels left.
You didn't know any spells.

Dungeon Overview and Level Annotations

Branches:
Dungeon (15/15)            Temple (0/1) D:4            Lair (8/8) D:11
  Swamp (0/4) Lair:3        Snake (0/4) Lair:4        Slime (0/6) Lair:7
    Orc (4/4) D:9             Elf (0/3) Orc:4        Vaults (0/5) D:14
 Depths (2/5) D:15

Altars:
Ashenzari
Cheibriados
Dithmenos
Fedhas
Gozag
Makhleb
Nemelex Xobeh
Okawaru
Qazlal
Ru
Sif Muna
Trog
Xom
Yredelemnul
Zin
The Shining One
Beogh

Shops:
D:9 %*=   D:12 *%**(   D:15 :   Orc:1 [   Orc:4 *(*!%

Portals:
Hell: Depths:1 Depths:2
Pandemonium: Depths:1

Annotations:
Lair:7 exclusion: 5 oklob plants


Innate Abilities, Weirdness & Mutations

You reflexively headbutt those who attack you in melee.
You have a pair of horns on your head.


Message History

You are no longer berserk.
You feel yourself slow down.
You feel sick. The eldritch tentacle slaps you.
The eldritch tentacle shocks you!
* * * LOW HITPOINT WARNING * * *
The eldritch tentacle barely misses you.
You can move again.
Evoke which item? (* to show all) (? for menu, Esc to quit)
Zapping:
f - a wand of heal wounds (1)
Press: ? - help, Shift-Dir - straight line, f - you You feel much better.
This wand has 0 charges left.
You feel sick.
The eldritch tentacle slaps you but does no damage.
The eldritch tentacle barely misses you.
The eldritch tentacle slaps you but does no damage.
The eldritch tentacle closely misses you.
You slash the eldritch tentacle!
You headbutt the eldritch tentacle, but do no damage.
The eldritch tentacle is almost destroyed.
The eldritch tentacle slaps you! The eldritch tentacle claws you!!
* * * LOW HITPOINT WARNING * * *
The eldritch tentacle freezes you!!
You die...

####..##..##..# #.......(...
#.....##..##..# #...........
#.....##..##..# #.......(...
####..###.##..###..#####..<.
##########......# #.(..
####.#######....# #....
##.#..8.8.#####..# #....
##..'....†...####.# ##..#.
##...'...))@w..# #.# #..##.
##....#.8.8......####
##.#### #.....######..)...#
##..##.. ##....## ###....#
#..##... #....## #....#
#.###... #8..8#
8..8###.##.... #....#
...##..##.... #....#
..###..##.... #8..8#
#..###....


You could see an eldritch tentacle.

Vanquished Creatures
  Rupert (D:13)
  2 liches
  A sphinx (Depths:2)
  An octopode crusher (Depths:1)
  Agnes (D:14)
  A tengu reaver (Depths:1)
  A fire giant (Depths:2)
  An orc warlord (Orc:3)
  Maud (Orc:2)
  3 frost giants (Depths:2)
  A balrug (Depths:1)
  The ghost of PeterLawrence the Warrior, a journeyman GrFi of Okawaru (Orc:4)
  13 stone giants
  3 very ugly things (Depths:2)
  2 vampire knights
  Nessos (D:12)
  Azrael (D:13)
  2 ettins (Depths:2)
  A vault guard (D:14)
  Snorg (Orc:2)
  5 fire dragons
  A merfolk impaler (Depths:1)
  A minotaur (Lab)
  Josephine (D:14)
  6 great orbs of eyes
  A yaktaur captain (Depths:1)
  3 centaur warriors
  6 entropy weavers
  Erolcha (D:8)
  8 hydras
  A naga warrior (Lair:4)
  An ice dragon (Depths:1)
  3 catoblepae (Lair:8)
  16 death yaks (Lair:8)
  3 tengu warriors
  3 ogre magi
  6 deep troll earth magi
  2 deep troll shamans (Depths:1)
  A vampire mage (Depths:2)
  A spriggan berserker (Depths:2)
  3 sun demons (Depths:1)
  Nergalle (Orc:2)
  4 iron golems (D:10)
  3 skeletal warriors (D:15)
  An iron troll (Orc:4)
  3 unseen horrors
  4 giant orange brains
  A golden dragon zombie (Depths:2)
  A lindwurm (Lair:5)
  A necromancer (Depths:2)
  5 deep trolls
  Pikel (D:7)
  6 orc knights
  2 phantasmal warriors (Depths:1)
  11 hill giants
  A griffon (Lair:7)
  2 wolf spider zombies
  12 ugly things
  3 cyclopes
  A stone giant zombie (Depths:2)
  A hornet (D:13)
  3 orc sorcerers
  A fire giant zombie (Depths:2)
  A fire giant skeleton (Depths:2)
  3 elephants (Lair:4)
  A black mamba (Lair:2)
  10 spiny frogs
  Joseph (D:8)
  A gargoyle (D:14)
  2 molten gargoyles (Lair:5)
  2 guardian serpents (shapeshifter) (D:15)
  An orange demon (Depths:1)
  3 torpor snails (Depths:2)
  A kobold demonologist (D:14)
  5 komodo dragons
  4 yaktaurs
  A red devil (Depths:2)
  14 trolls
  A jumping spider (shapeshifter) (Depths:1)
  2 fire drakes
  6 two-headed ogres (Orc:4)
  A merfolk (shapeshifter) (D:15)
  2 jumping spiders
  A queen bee (D:8)
  A queen bee (shapeshifter) (D:14)
  Grinder (D:5)
  4 boulder beetles (Depths:2)
  5 blink frogs
  A centaur simulacrum (D:14)
  10 slime creatures
  A spriggan (shapeshifter) (D:15)
  5 trapdoor spiders
  3 deep elf magi
  3 wraiths (D:14)
  A spriggan simulacrum (Depths:2)
  12 redbacks
  The ghost of tp1 the Magician, an amateur DECj of Vehumet (D:4)
  A trapdoor spider (shapeshifter) (D:14)
  2 wyverns
  3 tarantellas
  5 vampire mosquitoes
  8 water elementals
  27 yaks
  A fire elemental (D:13)
  2 wargs
  11 hippogriffs
  A hungry ghost (D:15)
  A steam dragon (D:10)
  4 nagas (Lair:4)
  5 basilisks
  A mottled dragon (D:13)
  3 wolves (Lair:1)
  A soldier ant (shapeshifter) (Depths:2)
  5 hell hounds (D:13)
  20 water moccasins
  Duvessa (D:5)
  6 sky beasts
  A slave (D:7)
  7 porcupines
  2 black bears
  A spider (shapeshifter) (Depths:2)
  41 ogres
  6 ice beasts
  12 boggarts
  13 centaurs
  A tengu (shapeshifter) (D:15)
  29 orc warriors
  14 crocodiles
  5 big kobolds
  2 elf zombies (Ossuary)
  20 giant frogs
  A wyvern zombie (D:12)
  41 killer bees
  A wyvern skeleton (D:14)
  5 scorpions
  Dowan (D:5)
  4 wights (D:15)
  The ghost of WhatIsLove the Covered, a weakling DsFi (D:3)
  4 electric eels
  A spriggan skeleton (Lab)
  5 lava snakes (Lair:5)
  A giant frog zombie (D:13)
  7 crimson imps
  3 quasits
  10 centaur skeletons
  5 centaur zombies
  32 orc wizards
  Ijyb (D:2)
  6 jellies
  11 hounds
  32 orc priests
  19 worker ants
  7 iguanas
  A killer bee zombie (D:7)
  15 sheep
  2 big kobold zombies (Ossuary)
  2 ogre skeletons (Lab)
  A hound skeleton (D:6)
  3 mummies
  A worker ant zombie (D:7)
  56 river rats
  17 adders
  13 gnolls (Bailey)
  3 shadow imps
  4 oozes
  2 adder zombies
  2 worms
  An adder skeleton (D:4)
  3 giant geckos
  233 orcs
  3 bats
  3 giant cockroaches
  5 goblins
  17 hobgoblins
  8 jackals
  5 quokkas
  3 ball pythons
  A giant gecko zombie (D:6)
  8 giant newts
  2 goblin skeletons (D:8)
  4 goblin zombies
  9 hobgoblin zombies (Ossuary)
  2 jackal zombies (Ossuary)
  27 kobolds
  2 kobold skeletons (D:8)
  10 kobold zombies
  10 orc zombies (Ossuary)
  A quokka skeleton (D:7)
  A quokka zombie (D:7)
  5 rats
  2 fungi
  2 plants (Lair:8)
1240 creatures vanquished.

Vanquished Creatures (others)
  A tarantella (Depths:2)
  A boggart (Depths:1)
  5 sheep (Lair:8)
  A bush (Lair:8)
  6 fungi
  2 plants
16 creatures vanquished.

Grand Total: 1256 creatures vanquished

Notes
Turn   | Place    | Note
--------------------------------------------------------------
     0 | D:1      | Ijustatesigmund the Minotaur Berserker began the quest for the Orb.
     0 | D:1      | Reached XP level 1. HP: 19/19 MP: 0/0
   191 | D:1      | Reached skill level 4 in Fighting
   191 | D:1      | Reached XP level 2. HP: 22/27 MP: 1/1
   863 | D:2      | Found a sacrificial altar of Ru.
  1001 | D:2      | Reached ** piety under Trog
  1015 | D:2      | Reached XP level 3. HP: 32/34 MP: 2/2
  1716 | D:2      | Reached skill level 5 in Fighting
  1716 | D:2      | Reached XP level 4. HP: 32/42 MP: 3/3
  1741 | D:2      | Noticed Ijyb
  1748 | D:2      | Killed Ijyb
  1748 | D:2      | Reached skill level 5 in Axes
  1915 | D:3      | Noticed WhatIsLove's ghost (weakling DsFi)
  1925 | D:3      | Killed WhatIsLove's ghost
  1925 | D:3      | Reached XP level 5. HP: 50/50 MP: 4/4
  1933 | D:3      | Reached skill level 6 in Fighting
  2516 | D:4      | Reached XP level 6. HP: 57/57 MP: 5/5
  2563 | D:4      | Reached *** piety under Trog
  2718 | D:4      | Noticed tp1's ghost (amateur DECj)
  2726 | D:4      | Killed tp1's ghost
  2726 | D:4      | Reached skill level 7 in Axes
  2726 | D:4      | Reached XP level 7. HP: 63/63 MP: 6/6
  2843 | D:4      | Found a staircase to the Ecumenical Temple.
  3074 | D:4      | Reached skill level 5 in Armour
  3177 | D:4      | Found a blossoming altar of Fedhas.
  3271 | D:4      | Noticed a sky beast
  3283 | D:4      | Killed a sky beast
  3283 | D:4      | Reached skill level 8 in Axes
  3775 | D:5      | Entered Level 5 of the Dungeon
  3924 | D:5      | Found a glowing silver altar of Zin.
  3956 | D:5      | Reached XP level 8. HP: 60/70 MP: 7/7
  4045 | D:5      | Noticed Dowan
  4046 | D:5      | Noticed Duvessa
  4052 | D:5      | Killed Dowan
  4055 | D:5      | Killed Duvessa
  4055 | D:5      | Reached skill level 9 in Axes
  4307 | D:5      | Noticed Grinder
  4315 | D:5      | Killed Grinder
  4315 | D:5      | Received a gift from Trog
  4468 | D:6      | Found a sand-covered staircase.
  4487 | Ossuary  | Entered an ossuary
  4572 | Ossuary  | Reached skill level 10 in Axes
  4931 | D:6      | Found a bloodstained altar of Trog.
  4934 | D:6      | Found an opulent altar of Gozag.
  4965 | D:6      | Reached XP level 9. HP: 75/75 MP: 8/8
  4978 | D:6      | Found a burning altar of Makhleb.
  5186 | D:6      | Found a deep blue altar of Sif Muna.
  5200 | D:6      | Found a shadowy altar of Dithmenos.
  5200 | D:6      | Found a stormy altar of Qazlal.
  5200 | D:6      | Found a basalt altar of Yredelemnul.
  5322 | D:6      | Reached **** piety under Trog
  5375 | D:7      | Reached skill level 11 in Axes
  5511 | D:7      | Reached skill level 10 in Armour
  5576 | D:7      | Found a snail-covered altar of Cheibriados.
  6002 | D:7      | Noticed Pikel
  6011 | D:7      | Killed Pikel
  6183 | D:8      | Reached XP level 10. HP: 63/86 MP: 9/9
  6219 | D:8      | Found a flagged portal.
  6249 | Bailey   | Entered a bailey
  6469 | Bailey   | Reached ***** piety under Trog
  6500 | Bailey   | Noticed an orc knight
  6601 | Bailey   | Killed an orc knight
  6601 | Bailey   | Reached skill level 5 in Dodging
  6782 | D:8      | Found a glowing golden altar of the Shining One.
  6829 | D:8      | Noticed Joseph
  6848 | D:8      | Killed Joseph
  6848 | D:8      | Reached skill level 12 in Axes
  6906 | D:8      | Noticed Erolcha
  6942 | D:8      | Killed Erolcha
  7053 | D:8      | Reached skill level 13 in Axes
  7569 | D:9      | Reached XP level 11. HP: 85/94 MP: 10/10
  7580 | D:9      | Received a gift from Trog
  7635 | D:9      | Found Waplodumn's Jewellery Emporium.
  7639 | D:9      | Bought a +4 ring of evasion for 468 gold pieces
  7672 | D:9      | Found a shimmering altar of Xom.
  7780 | D:9      | Found Xysox's Food Boutique.
  7827 | D:9      | Found a sparkling altar of Nemelex Xobeh.
  8024 | D:9      | Found Hygenauc's General Store.
  8039 | D:9      | Found a staircase to the Orcish Mines.
  8121 | D:10     | Entered Level 10 of the Dungeon
  8127 | D:10     | Noticed an iron golem
  8127 | D:10     | Noticed an iron golem
  8127 | D:10     | Noticed an iron golem
  8127 | D:10     | Noticed an iron golem
  8144 | D:10     | Killed an iron golem
  8146 | D:10     | Killed an iron golem
  8151 | D:10     | Killed an iron golem
  8181 | D:10     | Killed an iron golem
  8181 | D:10     | Reached skill level 14 in Axes
  8193 | D:10     | Got a fine bone ring
  8393 | D:10     | Identified the ring "Elihugea" {rElec rN+ MP+9 Int+4} (You found it on level 10 of the Dungeon)
  8399 | D:10     | Noticed a hill giant
  8408 | D:10     | Killed a hill giant
  8568 | D:10     | Noticed a hill giant
  8579 | D:10     | Killed a hill giant
  9024 | D:10     | Noticed a hill giant
  9035 | D:10     | Killed a hill giant
  9524 | D:11     | Reached skill level 15 in Axes
  9527 | D:11     | Received a gift from Trog
  9579 | D:11     | Reached XP level 12. HP: 104/104 MP: 11/11
  9614 | D:11     | Noticed a hill giant
  9620 | D:11     | Killed a hill giant
  9656 | D:11     | Reached skill level 10 in Fighting
  9671 | D:11     | Found a staircase to the Lair.
 10083 | D:11     | Noticed a hill giant
 10085 | D:11     | Found an opulent altar of Gozag.
 10087 | D:11     | Killed a hill giant
 10255 | D:11     | Noticed a hill giant
 10263 | D:11     | Killed a hill giant
 10510 | D:11     | Reached skill level 16 in Axes
 10863 | D:12     | Noticed a six-headed hydra
 10892 | D:12     | Found Ceekemp's General Store.
 10895 | D:12     | Bought a scroll of identify for 26 gold pieces
 11070 | Orc:1    | Entered Level 1 of the Orcish Mines
 11109 | Orc:2    | Noticed Maud
 11120 | Orc:2    | Killed Maud
 11139 | Orc:2    | Noticed Snorg
 11146 | Orc:2    | Received a gift from Trog
 11148 | Orc:2    | Killed Snorg
 11352 | Orc:2    | Noticed Nergalle
 11386 | Orc:2    | Killed Nergalle
 11609 | Orc:1    | Found Wurick's Antique Armour Boutique.
 11618 | Orc:1    | Reached ****** piety under Trog
 11712 | Orc:1    | Reached XP level 13. HP: 32/119 MP: 12/12
 11713 | Orc:1    | Reached skill level 17 in Axes
 11728 | Orc:1    | Found a roughly hewn altar of Beogh.
 12313 | Orc:3    | Noticed an orc warlord
 12837 | Orc:4    | Entered Level 4 of the Orcish Mines
 12860 | Orc:4    | Noticed PeterLawrence's ghost (journeyman GrFi)
 12873 | Orc:3    | Received a gift from Trog
 12877 | Orc:3    | Killed an orc warlord
 12963 | Orc:3    | You fall through a shaft!
 12963 | Orc:4    | Found Qoor's Assorted Antiques.
 12963 | Orc:4    | Found Etuakam's Assorted Antiques.
 13006 | Orc:4    | Found Kehubitz's Food Shoppe.
 13014 | Orc:4    | Found a staircase to the Elven Halls.
 13551 | Orc:3    | Received a gift from Trog
 14107 | Orc:1    | Bought the +0 mask of the Dragon {MR+ Slay+3 SInv} for 968 gold pieces
 14420 | Orc:4    | Killed PeterLawrence's ghost
 15173 | Orc:4    | Reached skill level 10 in Dodging
 15175 | Orc:4    | Found Wohocl Kedo's Distillery.
 15225 | Orc:4    | Bought a scroll labeled XUQULU DOEPU for 39 gold pieces
 15225 | Orc:4    | Bought a fuming brown potion for 35 gold pieces
 15225 | Orc:4    | Bought a scroll labeled XUQULU DOEPU for 39 gold pieces
 15554 | Orc:4    | Found Gilai's Weapon Boutique.
 15560 | Orc:4    | Bought a potion of haste for 140 gold pieces
 16081 | Orc:2    | Found a shimmering altar of Xom.
 16150 | Orc:1    | Received a gift from Trog
 16413 | D:12     | Killed a six-headed hydra
 16413 | D:12     | Reached skill level 1 in Throwing
 16485 | D:12     | Found Ocyxoliyty's Assorted Antiques.
 16496 | D:12     | Bought a smoky ruby potion for 23 gold pieces
 16628 | D:12     | Gained mutation: You have sharp toenails. [potion of beneficial mutation]
 16629 | D:12     | Found Sexzoa's Assorted Antiques.
 16644 | D:12     | Bought a scroll of identify for 46 gold pieces
 16644 | D:12     | Bought a metallic brown potion for 20 gold pieces
 16727 | D:12     | Found Geass's Antique Weapon Emporium.
 16861 | D:12     | Found Teiffe's Food Shoppe.
 16962 | D:13     | Noticed Nessos
 17224 | D:12     | Killed Nessos
 17391 | D:13     | Reached XP level 14. HP: 129/129 MP: 13/13
 17446 | D:13     | Reached skill level 5 in Throwing
 17507 | D:13     | Noticed Azrael
 17526 | D:13     | Killed Azrael
 17534 | D:13     | Reached skill level 1 in Evocations
 17946 | D:13     | Reached XP level 15. HP: 134/138 MP: 13/16
 18009 | D:13     | Reached skill level 18 in Axes
 18142 | D:13     | Noticed Rupert
 18154 | D:13     | Killed Rupert
 18487 | D:14     | Noticed Josephine
 18497 | D:14     | Killed Josephine
 18497 | D:14     | Received a gift from Trog
 18552 | D:14     | Found an iron altar of Okawaru.
 19241 | D:14     | Noticed Agnes
 19250 | D:14     | Killed Agnes
 19250 | D:14     | Reached skill level 5 in Evocations
 19330 | D:14     | Found a gate to the Vaults.
 19535 | Lair:1   | Entered Level 1 of the Lair of Beasts
 20357 | Lair:2   | Reached skill level 15 in Fighting
 20784 | Lair:2   | Received a gift from Trog
 21152 | Lair:3   | Found a staircase to the Swamp.
 21821 | Lair:4   | Found a labyrinth entrance.
 21852 | Lab      | Entered a labyrinth
 24391 | Lair:4   | Received a gift from Trog
 24395 | Lair:4   | Found a staircase to the Snake Pit.
 24463 | Lair:4   | Reached skill level 19 in Axes
 24969 | Lair:5   | Received a gift from Trog
 24978 | Lair:5   | Got a dazzling dire flail {god gift}
 24979 | Lair:5   | Identified the +9 dire flail "Keb Bufu" {venom, +Inv rPois Int+3 Stlth-} (Trog gifted it to you on level 5 of the Lair of Beasts)
 25289 | Lair:1   | Gained mutation: Your skin changes colour to match your surroundings (Stealth). [potion of mutation]
 25289 | Lair:1   | Gained mutation: You are frail (-10% HP). [potion of mutation]
 25289 | Lair:1   | Lost mutation: You have sharp toenails. [potion of mutation]
 25293 | Lair:1   | Lost mutation: Your skin changes colour to match your surroundings (Stealth). [potion of cure mutation]
 25293 | Lair:1   | Lost mutation: You are frail (-10% HP). [potion of cure mutation]
 26540 | Lair:6   | Reached XP level 16. HP: 112/149 MP: 20/20
 26873 | Lair:7   | Found a staircase to the Slime Pits.
 27205 | Lair:7   | Received a gift from Trog
 27463 | Lair:8   | Entered Level 8 of the Lair of Beasts
 27501 | Lair:8   | Found a shattered altar of Ashenzari.
 27763 | Lair:8   | Found a shimmering altar of Xom.
 28030 | Lair:8   | Received a gift from Trog
 28034 | Lair:8   | Got an ichor-stained battleaxe {god gift}
 28035 | Lair:8   | Identified the +8 battleaxe of Anxiety {antimagic, +Rage rC+ Dex+2} (Trog gifted it to you on level 8 of the Lair of Beasts)
 28724 | D:15     | Entered Level 15 of the Dungeon
 28826 | D:15     | Found Fitzikhi's Book Shop.
 29227 | D:15     | Received a gift from Trog
 29331 | D:15     | Reached skill level 20 in Axes
 29348 | D:15     | Found a staircase to the Depths.
 29643 | Depths:1 | Entered Level 1 of the Depths
 29830 | Depths:1 | Received a gift from Trog
 30192 | Depths:1 | Noticed a lich
 30204 | Depths:1 | Killed a lich
 30213 | Depths:1 | Found a gateway to Hell.
 30329 | Depths:1 | Reached skill level 15 in Armour
 30359 | Depths:1 | Found a one-way gate leading to the halls of Pandemonium.
 30368 | Depths:1 | Reached XP level 17. HP: 18/161 MP: 22/22
 31281 | Depths:1 | Received a gift from Trog
 31951 | Depths:2 | Reached skill level 21 in Axes
 32758 | Depths:2 | Received a gift from Trog
 33703 | Depths:2 | Reached XP level 18. HP: 115/173 MP: 23/23
 34262 | Depths:2 | Noticed a lich
 34275 | Depths:2 | Killed a lich
 34275 | Depths:2 | Received a gift from Trog
 34281 | Depths:2 | Paralysed by an eldritch tentacle for 5 turns
 34288 | Depths:2 | Slain by an eldritch tentacle

Action                   |  1- 3 |  4- 6 |  7- 9 | 10-12 | 13-15 | 16-18 || total
-------------------------+-------+-------+-------+-------+-------+-------++-------
Melee: Hand axe          |    77 |   107 |   136 |       |       |       ||   320
       War axe           |       |       |   244 |   365 |       |       ||   609
       Executioner's axe |       |       |       |   239 |   798 |   611 ||  1648
       Flail             |       |       |       |       |    25 |       ||    25
       Dire flail        |       |       |       |       |    22 |    35 ||    57
       Battleaxe         |       |       |       |       |       |    54 ||    54
Throw: Javelin           |       |       |       |     1 |     4 |    50 ||    55
Invok: Berserk           |       |     3 |     3 |     7 |     8 |     9 ||    30
       Burn Spellbooks   |       |       |     1 |     3 |     5 |     2 ||    11
       Trog's Hand       |       |       |       |     6 |     3 |     8 ||    17
Evoke: Wand              |       |       |       |       |    11 |     7 ||    18
  Use: Scroll            |     6 |     2 |    13 |    10 |    22 |     2 ||    55
       Potion            |       |       |       |     3 |     6 |     5 ||    14
 Stab: Petrified         |       |       |       |       |       |     1 ||     1
  Eat: Chunk             |     2 |     6 |    11 |    18 |    26 |     5 ||    68
       Fruit             |       |       |     2 |     4 |     3 |     8 ||    17
       Beef jerky        |       |       |     1 |     2 |     2 |     5 ||    10
       Pizza             |       |       |     1 |       |     2 |     2 ||     5
       Royal jelly       |       |       |       |       |     7 |       ||     7
       Meat ration       |       |       |       |       |     1 |     3 ||     4
       Bread ration      |       |       |       |       |     1 |       ||     1
